 Dungeon Crawl Stone Soup version 0.28-a0-1117-g0bdd5ba030 (webtiles) character file.

Game seed: 6640201093066200858

58 ducksouse the Ducker (level 4, 0/31 HPs)
             Began as a Djinni Fire Elementalist on Dec 11, 2021.
             Slain by an orc (2 damage)
             ... on level 3 of the Dungeon.
             The game lasted 00:11:20 (3042 turns).

ducksouse the Ducker (Djinni Fire Elementalist)     Turns: 3042, Time: 00:11:20

Health: 0/31       AC:  2    Str:  7    XL:     4   Next: 20%
Gold:   57         EV: 13    Int: 19    God:
                   SH:  0    Dex: 13

rFire   + + .      SeeInvis .   h - +2 hunting sling (flame)
rCold   x . .      Faith    .   (no shield)
rNeg    . . .      Spirit   +   a - +0 robe
rPois   ∞          Reflect  .   (no helmet)
rElec   .          Harm     .   (no cloak)
rCorr   +          Rampage  .   (no gloves)
Will    .....                   (boots unavailable)
Stlth   ++........              k - amulet of guardian spirit
HPRegen 0.10/turn               f - ring of resist corrosion
MPRegen 0.00/turn               (no ring)

@: flying
A: sickness immunity, fire resistance 2, cold vulnerability 1, float, innate
caster, hp casting, extra vitality 1
a: no special abilities


You were on level 3 of the Dungeon.
You visited 1 branch of the dungeon, and saw 3 of its levels.

You collected 57 gold pieces.

Inventory:

Hand Weapons
 d - a +0 dagger
 e - a +0 club
 h - a +2 hunting sling of flaming (weapon)
 r - a +0 hand crossbow
Missiles
 i - 24 stones (quivered ammo)
 q - 8 sling bullets
Armour
 a - a +0 robe (worn)
Jewellery
 b - a ring of flight
 f - a ring of resist corrosion (left hand)
 k - an amulet of guardian spirit (around neck)
Scrolls
 j - 2 scrolls of enchant armour {unknown}
 l - a scroll of identify {unknown}
 n - 4 scrolls of immolation {unknown}
Potions
 c - a potion of brilliance {unknown}
 g - 3 potions of curing {unknown}
 m - a potion of attraction {unknown}
 o - 2 potions of degeneration {unknown}
 p - a potion of mutation {unknown}


   Skills:
 + Level 3.1 Dodging
 + Level 2.4 Stealth
 + Level 2.9 Spellcasting


You couldn't memorise any spells.
You knew the following spells:

 Your Spells              Type           Power      Damage    Failure   Level
a - Foxfire               Conj/Fire      52%        2x1d6     4%          1
b - Scorch                Fire           26%        2d6       7%          2
c - Conjure Flame         Conj/Fire      13%        6-21      14%         3
d - Inner Flame           Hex/Fire       13%        N/A       14%         3
e - Flame Wave            Conj/Fire      13%        2d5       43%         4
f - Beastly Appendage     Tmut           26%        N/A       4%          1
Your spell library was empty.

Dungeon Overview and Level Annotations

Branches:
Dungeon (3/15)

Altars:
Nemelex Xobeh
Uskayaw
Yredelemnul

Shops:
D:1 (


Innate Abilities, Weirdness & Mutations

You are immune to sickness and miasma.
You are immune to poison.
Your flesh is very heat resistant. (rF++)
You are vulnerable to cold. (rC-)
You float through the air rather than walking.
You learn spells naturally, not from books.
Your magical power is your life essence.
You have superior vitality. (+4 HP)


Message History

An endoplasm comes into view.
Okay, then.
You shoot a stone. The endoplasm quivers.
The orc shouts! x2
The stone hits the orc.
The stone burns the orc.
You kill the orc!
You shoot a stone. The stone hits the endoplasm.
The stone burns the endoplasm.
The endoplasm is moderately wounded.
An orc comes into view. It is wielding a +0 short sword.
An orc comes into view. It is wielding a +0 dagger.
You shoot a stone. The orc shouts! x2
The stone hits the endoplasm.
The stone burns the endoplasm.
The endoplasm is heavily wounded.
You shoot a stone. The stone hits the endoplasm.
The stone burns the endoplasm.
You kill the endoplasm!
You shoot a stone. The stone closely misses the orc. x2
The orc priest begins to cast a cantrip, but forgets the words!
You shoot a stone. The stone closely misses the orc.
You shoot a stone. The stone closely misses the orc.
The stone hits the orc.
The stone burns the orc.
The orc is moderately wounded.
The orc hits you but does no damage.
You shoot a stone. The stone barely misses the orc.
The stone hits the orc.
The stone burns the orc.
You kill the orc!
The orc hits you but does no damage. The orc hits you with a +0 short sword.
The orc hits you with a +0 short sword.
You shoot a stone. The stone barely misses the orc.
The stone hits the orc priest.
The stone burns the orc priest.
The orc priest is moderately wounded.
The orc priest mumbles some strange prayers to Beogh against you.
Beogh smites you! The orc barely misses you.
The orc priest calls down the wrath of Beogh upon you.
Beogh smites you!
* * * LOW HITPOINT WARNING * * *
The orc hits you with a +0 short sword.
You die...

#.# #(####### #.(o.(..#
#######(# #o# #o# #.##
#o.# ######.@# #### ##
###...###'###..#
#.##....##..P.P##.# #
#.#........⌠.P.#.#
.###.....#.......#.#
#.#.#...[##_._._##.#
#..##.....##PP###..#######
#..####.###...............
#..# #.# #..####..#######


You could see an orc priest and 2 orcs.

Vanquished Creatures
  2 worms (D:2)
  2 dart slugs
  2 orcs (D:3)
  4 bats
  6 endoplasms
  A giant cockroach (D:1)
  4 hobgoblins (D:1)
  3 jackals (D:2)
  3 quokkas
  4 ball pythons
  A frilled lizard (D:1)
  A goblin (D:1)
  4 kobolds
  4 rats
41 creatures vanquished.

Vanquished Creatures (others)
  68 foxfires
68 creatures vanquished.

Grand Total: 109 creatures vanquished

Notes
Turn   | Place    | Note
-------+----------+-------------------------------------------
     0 | D:1      | ducksouse the Djinni Fire Elementalist began the quest for
                  | the Orb.
     0 | D:1      | Reached XP level 1. HP: 15/15 MP: 0/0
   160 | D:1      | Reached XP level 2. HP: 14/21 MP: 0/0
  1063 | D:1      | Found Padeajidd's Antique Weapon Boutique.
  1103 | D:1      | Reached XP level 3. HP: 25/25 MP: 0/0
  1103 | D:1      | Learned a level 1 spell: Beastly Appendage
  2034 | D:2      | Reached skill level 3 in Dodging
  2536 | D:2      | Reached XP level 4. HP: 16/31 MP: 0/0
  2921 | D:3      | Found a basalt altar of Yredelemnul.
  2923 | D:3      | Found a hide-covered altar of Uskayaw.
  2928 | D:3      | Found a sparkling altar of Nemelex Xobeh.
  3042 | D:3      | Slain by an orc

Illustrated notes

Levels and vault maps discovered:
D:1:      psy_arrival_radial02, layout_basic, serial_shops, nicolae_square_shop,
          st_stairs_2
D:2:      layout_basic
D:3:      layout_loops_ring, gammafunk_temple_overflow_forgotten,
          hellmonk_ecumenical_altar_zigzags

Skill      XL: |  1  2  3 |
---------------+----------+-----
Stealth        | 2 |  2.4
Dodging        | 3 |  3.1
Spellcasting   | |  2.9

Action                   |  1- 3 |  4- 6 || total
-------------------------+-------+-------++-------
Melee: Dagger            |     1 |       ||     1
       Hunting sling     |       |     7 ||     7
 Fire: Hunting sling     |    40 |    12 ||    52
 Cast: Foxfire           |    56 |     1 ||    57
       Scorch            |     2 |     2 ||     4
       Beastly Appendage |       |     1 ||     1
Armor: Robe              |    11 |     4 ||    15
Dodge: Dodged            |    38 |     9 ||    47

Table legend: (Time is in decaauts)
 A = Elapsed time spent in this place.
 B = Non-inter-level travel time spent in this place.
 C = Inter-level travel time spent in this place.
 D = Time resting spent in this place.
 E = Time spent auto-exploring this place.
 F = Levels seen in this place.
 G = Mean time per level.
                   A        B        C        D        E       F      G
               +--------+--------+--------+--------+--------+-----+--------+
         Total |   3053 |   3053 |      0 |    604 |    690 |   3 | 1017.7 |
       Dungeon |   3053 |   3053 |      0 |    604 |    690 |   3 | 1017.7 |
               +--------+--------+--------+--------+--------+-----+--------+

Top non-repeatable levels by time:
     D:1: 1483 daAuts
     D:2: 1423 daAuts
     D:3: 146 daAuts
